 Dungeon Crawl Stone Soup version 0.16.2-12-gd0ad4c3 (webtiles) character file.

184 rel the Shooter (level 5, 38/42 HPs)
             Began as a Centaur Hunter on Nov 7, 2015.
             Quit the game on level 3 of the Dungeon on Dec 27, 2015.
             The game lasted 00:11:29 (2145 turns).

rel the Shooter (Centaur Hunter)                    Turns: 2145, Time: 00:11:29

Health: 38/42      AC:  6    Str: 15    XL:     5   Next: 36%
Magic:  4/4        EV:  9    Int: 10    God:
Gold:   82         SH:  0    Dex: 10    Spells: 0 memorised, 4 levels left

rFire  . . .     SeeInvis .     a - +0 short sword
rCold  . . .     Clarity  .     i - +0 ring mail
rNeg   . . .     SustAb   .     (no shield)
rPois  .         Gourm    .     (no helmet)
rElec  .         Spirit   .     e - +0 cloak (curse)
rCorr  .         Warding  .     (no gloves)
rMut   .         Stasis   .     (no barding)
MR     .....                    (no amulet)
Stlth  ..........               (no ring)
                                (no ring)

@: very quick, not resistant to hostile enchantments, extremely unstealthy
A: hooves 3, deformed body, speed 2, tough skin 3
a: no special abilities


You were on level 3 of the Dungeon.
You were not hungry.

You visited 1 branch of the dungeon, and saw 3 of its levels.

You collected 82 gold pieces.

Inventory:

Hand weapons
 a - a +0 short sword (weapon)
 b - a +1 shortbow
Missiles
 g - 10 arrows
 m - 5 arrows of flame
Armour
 e - a cursed +0 cloak (worn)
 i - a +0 ring mail (worn)
Jewellery
 h - an uncursed amulet of clarity {unknown}
 l - an uncursed amulet of resist mutation {unknown}
Magical devices
 c - a wand of random effects (30)
Scrolls
 k - 3 scrolls of identify {unknown}
 n - a scroll of amnesia {unknown}
 o - a scroll of remove curse {unknown}
Potions
 j - a potion of curing {unknown}
Comestibles
 d - a meat ration
 f - 2 bread rations
 p - 3 fruits


   Skills:
 + Level 2.6 Fighting
 * Level 1.5 Short Blades
 - Level 6.7 Bows
 + Level 1.4 Armour
 + Level 2.2 Dodging
 + Level 0.5 Stealth


You had 4 spell levels left.
You didn't know any spells.

Dungeon Overview and Level Annotations

Branches:
Dungeon (3/15)

Altars:
Qazlal


Innate Abilities, Weirdness & Mutations

You have hooves in place of feet.
Armour fits poorly on your strangely shaped body.
You cover ground very quickly.
You have extremely tough skin (AC +3).


Message History

You closely miss the kobold. Your kick misses the kobold.
The kobold is severely wounded.
The kobold closely misses you.
You closely miss the kobold. You kick the kobold, but do no damage.
The kobold is severely wounded.
The kobold hits you but does no damage.
You hit the kobold.
You kill the kobold!
You see here a short sword.
Welcome back, rel the Centaur Hunter.
Press ? for a list of commands and other information.
Quiver which item? (- for none, * to show all) (? for menu, Esc to quit)
Okay, then.
Save game and exit?
Okay, then.
Quiver which item? (- for none, * to show all) (? for menu, Esc to quit)
Okay, then.
Drink which item? (? for menu, Esc to quit)
Okay, then.
Are you sure you want to abandon this character and quit the game? (Confirm with "yes".)

...####.#....########.##
.........###.# #.†..#
.............# #.####
...#####..########.#
.................#.#
.###############)#.#
.......... #......#
#.######## #.##.### #.#
# #@# #.# #......#
#.###########.####
#..............#
################


There were no monsters in sight!

Vanquished Creatures
  An ogre (D:3)
  5 adders
  A giant mite (D:2)
  An orc (D:3)
  2 ball pythons (D:1)
  6 bats
  7 giant cockroaches
  5 hobgoblins
  4 jackals (D:1)
  10 kobolds
  A quokka (D:2)
  3 giant geckos (D:1)
  4 giant newts
  5 goblins
  3 rats
58 creatures vanquished.

Notes
Turn   | Place    | Note
--------------------------------------------------------------
     0 | D:1      | rel, the Centaur Hunter, began the quest for the Orb.
     0 | D:1      | Reached XP level 1. HP: 17/17 MP: 1/1
    83 | D:1      | Reached XP level 2. HP: 12/24 MP: 2/2
   194 | D:1      | Reached skill level 6 in Bows
   467 | D:1      | Reached XP level 3. HP: 18/29 MP: 3/3
  1229 | D:2      | Reached XP level 4. HP: 22/37 MP: 3/3
  1537 | D:3      | Found a stormy altar of Qazlal.
  1544 | D:3      | Noticed an ogre
  1554 | D:3      | Killed an ogre
  1554 | D:3      | Reached skill level 1 in Short Blades
  1554 | D:3      | Reached skill level 1 in Armour
  1554 | D:3      | Reached XP level 5. HP: 22/42 MP: 4/4
  1580 | D:3      | HP: 2/42 [poisoned by an adder]
  1588 | D:3      | HP: 1/42 [poisoned by an adder]
  2145 | D:3      | Quit the game

Action                   |  1- 3 |  4- 6 || total
-------------------------+-------+-------++-------
Melee: Short sword       |    89 |    38 ||   127
 Fire: Shortbow          |    61 |    18 ||    79
  Use: Scroll            |     1 |     1 ||     2
       Potion            |       |     2 ||     2
  Eat: Chunk             |       |     1 ||     1
       Beef jerky        |       |     1 ||     1
